 Dungeon Crawl Stone Soup version 0.24.0-37-gcf1ca852f1 (webtiles) character file.

Game seed: 9279511034799931956, levelgen mode: deterministic

504 Mrkan the Chopper (level 6, -1/84 HPs)
             Began as a Minotaur Fighter on Nov 29, 2019.
             Was an Initiate of Trog.
             Slain by Prince Ribbit (11 damage)
             ... on level 5 of the Dungeon.
             The game lasted 00:05:25 (3403 turns).

Mrkan the Chopper (Minotaur Fighter)                Turns: 3403, Time: 00:05:25

Health: -1/84      AC: 23    Str: 21    XL:     6   Next: 96%
Magic:  5/5        EV:  2    Int:  5    God:    Trog [......]
Gold:   115        SH: 10    Dex: 11    Spells: 5/5 levels left

rFire    . . .     SeeInvis .   a - +0 war axe
rCold    . . .     Gourm    .   c - +0 shield
rNeg     + + +     Faith    .   (armour currently unavailable)
rPois    +         Spirit   .   (helmet currently unavailable)
rElec    .         Reflect  .   (cloak currently unavailable)
rCorr    .         Harm     .   (gloves currently unavailable)
MR       .....     NoTele   +   (boots currently unavailable)
Stlth    +.........             (no amulet)
HPRegen  0.24/turn              (no ring)
MPRegen  0.09/turn              (no ring)

@: tree-form
A: (retaliatory headbutt)
a: Renounce Religion


You were on level 5 of the Dungeon.
You worshipped Trog.
Trog was noncommittal.
You were not hungry.
You were a tree.
You visited 1 branch of the dungeon, and saw 5 of its levels.

You collected 115 gold pieces.

Inventory:

Hand Weapons
 a - a +0 war axe (weapon)
Armour
 c - a +0 shield (worn)
 r - a +0 plate armour (melded)
Jewellery
 n - an uncursed ring of see invisible {unknown}
 o - an uncursed ring of ice {unknown}
 v - a +3 ring of evasion {unknown}
 w - an uncursed ring of fire {unknown}
Scrolls
 b - 6 scrolls of enchant weapon {unknown}
 e - 5 scrolls of remove curse {unknown}
 g - 2 scrolls of magic mapping {unknown}
 h - 4 scrolls of identify {unknown}
 p - a scroll of immolation {unknown}
 s - 2 scrolls of amnesia {unknown}
 u - a scroll of blinking {unknown}
 x - a scroll of teleportation {unknown}
Potions
 d - 2 potions of might
 i - a potion of brilliance {unknown}
 j - a potion of lignification
 l - 2 potions of berserk rage {unknown}
 m - 2 potions of mutation {unknown}
 q - a potion of degeneration {unknown}
 t - a potion of haste {unknown}
Comestibles
 f - 8 rations


   Skills:
 + Level 5.3 Fighting
 * Level 6.0 Axes
 + Level 5.3 Armour
 + Level 5.3 Shields


You had 5 spell levels left.
You didn't know any spells.
Your spell library was empty.

Dungeon Overview and Level Annotations

Branches:
Dungeon (5/15)
 Temple: D:4-7

Altars:
Elyvilon
Nemelex Xobeh
Trog

Annotations:
D:5 Prince Ribbit


Innate Abilities, Weirdness & Mutations

((You reflexively headbutt those who attack you in melee.))
((You have a pair of horns on your head.))


Message History

Prince Ribbit hits you but does no damage.
Prince Ribbit blinks!
You cannot move.
You cannot move.
You miss Prince Ribbit.
Prince Ribbit is lightly wounded.
Prince Ribbit hops awkwardly around.
Prince Ribbit hits you but does no damage. x2
You slash Prince Ribbit!
Prince Ribbit is heavily wounded.
Prince Ribbit hits you but does no damage.
You barely miss Prince Ribbit.
Prince Ribbit is heavily wounded.
Prince Ribbit hits you.
* * * LOW HITPOINT WARNING * * *
You block Prince Ribbit's attack.
You closely miss Prince Ribbit.
Prince Ribbit is heavily wounded.
Prince Ribbit hits you!
You die...

....#.#.######.#
.## #........#
....>#.####.#
#.#.#.#.# #.#
#.# #.# #.# #
#.. #.# ... #.#
... #F# ## #♣#
#)# #.# #.# #.#
........#
..####..# #..#
#..#


You could see Prince Ribbit.

Vanquished Creatures
  Sigmund (D:2)
  Blork the orc (D:5)
  Jessica (D:3)
  An iguana (D:4)
  3 worker ants (D:4)
  4 adders
  3 gnolls (D:2)
  3 oozes
  2 worms (D:3)
  A leopard gecko (D:4)
  3 orcs (D:4)
  2 giant cockroaches
  16 goblins
  7 hobgoblins
  8 jackals (D:1)
  2 quokkas (D:3)
  2 ball pythons
  8 bats
  3 frilled lizards
  A jackal skeleton (D:4)
  3 kobolds
  10 rats
85 creatures vanquished.

Notes
Turn   | Place    | Note
-------+----------+-------------------------------------------
     0 | D:1      | Mrkan the Minotaur Fighter began the quest for the Orb.
     0 | D:1      | Reached XP level 1. HP: 19/19 MP: 0/0
    43 | D:1      | Reached XP level 2. HP: 27/27 MP: 1/1
   127 | D:1      | Reached skill level 3 in Axes
   441 | D:1      | Reached XP level 3. HP: 29/33 MP: 2/2
  1214 | D:2      | Noticed Sigmund
  1264 | D:2      | Killed Sigmund
  1264 | D:2      | Reached skill level 4 in Axes
  1264 | D:2      | Reached XP level 4. HP: 3/41 MP: 3/3
  1264 | D:2      | Reached XP level 5. HP: 3/47 MP: 4/4
  1694 | D:2      | Reached skill level 5 in Axes
  2242 | D:3      | Noticed Jessica
  2247 | D:3      | Killed Jessica
  2247 | D:3      | Reached skill level 5 in Armour
  2247 | D:3      | Reached XP level 6. HP: 55/55 MP: 5/5
  2751 | D:4      | Reached skill level 5 in Fighting
  2751 | D:4      | Reached skill level 5 in Shields
  3143 | D:4      | Found a bloodstained altar of Trog.
  3147 | D:4      | Found a white marble altar of Elyvilon.
  3151 | D:4      | Found a sparkling altar of Nemelex Xobeh.
  3163 | D:4      | Became a worshipper of Trog the Wrathful
  3349 | D:5      | Entered Level 5 of the Dungeon
  3362 | D:5      | Noticed Prince Ribbit
  3363 | D:5      | Noticed Blork the orc
  3389 | D:5      | Killed Blork the orc
  3389 | D:5      | Reached skill level 6 in Axes
  3403 | D:5      | Slain by Prince Ribbit

Levels and vault maps discovered:
D:1:      lightli_arrival_maybe_door_vault, layout_loops_corners, fountainhead
D:2:      kennysheep_the_goblin_king, layout_loops_ring, uniq_sigmund
D:3:      layout_basic, roderic_lattice_a, minivault_25, uniq_jessica
D:4:      layout_gridville, minmay_overflow_temple_star_quad, first_ration,
          minmay_fractal_squares_diagonal_5
D:5:      layout_basic, uniq_grinder, uniq_prince_ribbit1, uniq_blork_the_orc

Skill      XL: |  1  2  3  4  5  6 |
---------------+-------------------+-----
Axes           | 3 4 5 6 |  6.0
Armour         | 4 5 |  5.3
Fighting       | 4 5 |  5.3
Shields        | 4 5 |  5.3

Action                   |  1- 3 |  4- 6 || total
-------------------------+-------+-------++-------
Melee: War axe           |   104 |   154 ||   258
       Headbutt          |    16 |    18 ||    34
  Use: Potion            |     1 |     1 ||     2
  Eat: Chunk             |     1 |     7 ||     8
Armor: Scale mail        |    60 |       ||    60
       Chain mail        |    28 |    18 ||    46
       Plate armour      |       |    65 ||    65
       Skin              |       |     9 ||     9
Dodge: Dodged            |    39 |    28 ||    67
Block: Shield            |    69 |    89 ||   158
